 Dungeon Crawl Stone Soup version 0.30-a0-591-g3c58d2bc28 (webtiles) character file.

Game seed: 1030083417892008786

5 MackTheKnife the Stinger (level 1, -2/15 HPs)
             Began as a Barachi Wanderer on Jan 5, 2023.
             Frozen to death by an endoplasm (4 damage)
             ... on level 1 of the Dungeon.
             The game lasted 00:00:53 (299 turns).

MackTheKnife the Stinger (Barachi Wanderer)          Turns: 299, Time: 00:00:54

Health: -2/15      AC:  2    Str: 12    XL:     1   Next: 80%
Magic:  0/2        EV: 11    Int: 13    God:
Gold:   7          SH:  4    Dex: 11    Spells: 1/2 levels left

rFire   . . .      SeeInvis .    a - +0 club {mace}
rCold   . . .      Faith    .    d - +0 buckler
rNeg    . . .      Spirit   .    c - +0 robe
rPois   .          Reflect  .    (no helmet)
rElec   .          Harm     .    (no cloak)
rCorr   .          Rampage  .    (no gloves)
Will    .....                    (no boots)
Stlth   +                        (no amulet)
HPRegen 0.22/turn                (no ring)
MPRegen 0.08/turn                (no ring)

@: very slightly contaminated, slow
A: amphibious, slowness 1, strong legs 1, +LOS
a: Hop


You were on level 1 of the Dungeon.
You visited 1 branch of the dungeon, and saw 1 of its levels.

You collected 7 gold pieces.


Innate Abilities, Weirdness & Mutations

You are amphibious.
You cover ground slowly.
You can hop short distances.
You have an extended range of vision and can be seen from far away.


   Skills:
 - Level 1.2 Fighting
 - Level 1.1 Dodging
 - Level 1.0 Stealth
 + Level 2.3 Shields
 + Level 1.3 Spellcasting
 - Level 1.2 Ice Magic
 + Level 3.4 Poison Magic


You had one spell level left.
You knew the following spells:

 Your Spells              Type           Power      Damage    Failure   Level
a - Sting                 Tmut/Pois      20%        1d4       19%         1

Your spell library contained the following spells:

 Spells                   Type           Power      Damage    Failure   Level
 Freeze                   Ice            16%        1d4       22%         1
 Poisonous Vapours        Pois/Air       10%        N/A       26%         2
 Hailstorm                Conj/Ice       2%         3d3       63%         3
 Olgreb's Toxic Radiance  Pois           9%         N/A       65%         4

Inventory:

Hand Weapons
 a - a +0 club (weapon) {mace}
Armour
 c - a +0 robe (worn)
 d - a +0 buckler (worn)
 g - a +0 plate armour
   (You found it on level 1 of the Dungeon)
Scrolls
 e - a scroll of identify {unknown}
Potions
 b - a potion of heal wounds {@q2}
 f - a potion of flight {unknown}

Dungeon Overview and Level Annotations

Branches:
Dungeon (1/15) Zot: 5657

Altars:

...<...........#....# #.#
###.#######..#.##.### #.#
#.#โŒ .....).#.##.# #.###
#.#.##.....#.##.# ######.#.#
#.#.#......#.##รท###........#
#.#.......##.##.#...####.#.#
..........#.#......### #.#.#
.........#..#.#.#### #...#
##.##########.#@# ##..# #
#.#J# #..# #.#.## #..####
#....# #...... #..#.###
#.##### #..#...### ### #
#..###...# #.# # #######..#
#...## ##.## ## #........#
#.#..# #...# #.


You could see an endoplasm.


Message History

Key pressed, stopping explore.
You see here a +0 dagger {short}.
You see here a giant cockroach corpse.
Key pressed, stopping explore.
An endoplasm comes into view. ๐Ÿ˜Ž MP[+2]
Your mp is fully restored (2).
A frilled lizard comes into view.
The frilled lizard hisses angrily.
You miscast Sting.
You are very lightly contaminated with residual magic.
Nothing appears to happen. ๐Ÿ˜Ž MP[-1]
You lost 1 mp, and now have 1/2 mp.
You miscast Sting.
Nothing appears to happen. ๐Ÿ˜Ž MP[-1]
You lost 1 mp, and now have 0/2 mp.
You completely miss the frilled lizard. The frilled lizard bites you.
The frilled lizard bites you but does no damage. ๐Ÿ˜• HP[-1]
You take 1 damage, and now have 14/15 hp.
You closely miss the frilled lizard.
You block the frilled lizard's attack. ๐Ÿ˜Ž HP[+1]
Your hp is fully restored (15).
You closely miss the frilled lizard.
The endoplasm quivers.
The frilled lizard bites you but does no damage.
You hit the frilled lizard but do no damage.
The frilled lizard bites you.
The frilled lizard bites you but does no damage. ๐Ÿ˜• HP[-3]
You take 3 damage, and now have 12/15 hp.
You closely miss the frilled lizard.
The frilled lizard bites you but does no damage.
The endoplasm freezes you.
You are frozen. ๐Ÿ˜ฎ HP[-1]
You take 1 damage, and now have 11/15 hp.
You are too injured to fight recklessly!
You are too injured to fight recklessly!
Hop to where?
Press: ? - help, Dir - move target, p - frilled lizard Boing!
Unknown command. ๐Ÿ˜• HP[+1] MP[+1]
Your magical contamination has completely faded away.
The sting misses the frilled lizard. ๐Ÿ˜• HP[+1] MP[-1]
You lost 1 mp, and now have 0/2 mp.
Unknown command.
You aren't carrying any items that you can evoke.
Unknown command.
You barely miss the frilled lizard. The frilled lizard closely misses you.
The frilled lizard bites you. ๐Ÿ˜ฎ HP[-2]
You take 2 damage, and now have 11/15 hp.
You miss the frilled lizard.
The frilled lizard closely misses you. ๐Ÿ˜• HP[+1]
You barely miss the frilled lizard. The frilled lizard closely misses you.
You miss the frilled lizard. The frilled lizard bites you.
The frilled lizard closely misses you. ๐Ÿ˜ฎ HP[-3] MP[+1]
You take 3 damage, and now have 9/15 hp.
You barely miss the frilled lizard.
The frilled lizard misses you. ๐Ÿ˜ฎ HP[+1]
You hit the frilled lizard.
You kill the frilled lizard!
You hit the endoplasm.
You are ready to hop once more.
The endoplasm misses you. The endoplasm freezes you.
You are frozen.
* * * LOW HITPOINT WARNING * * *
๐Ÿ˜จ HP[-4]
You take 4 damage, and now have 6/15 hp.
MASSIVE DAMAGE!! (PAUSE)
You are too injured to fight recklessly!
Casting: Sting (safe; 19% risk of failure)
Confirm with . or Enter, or press ? or * to list all spells.
Aiming: Sting (safe; 19% risk of failure)
Press: ? - help, Shift-Dir - straight line, f - endoplasm
Aim: an endoplasm (moderately wounded, 97% to hit)
You miscast Sting.
You are very lightly contaminated with residual magic.
Nothing appears to happen.
The endoplasm hits you but does no damage. ๐Ÿ˜จ MP[-1]
You lost 1 mp, and now have 0/2 mp.
You hit the endoplasm. The endoplasm freezes you.
You are frozen.
* * * LOW HITPOINT WARNING * * *
๐Ÿ˜ฑ HP[-4]
You take 4 damage, and now have 2/15 hp.
MASSIVE DAMAGE!! (PAUSE)
You hit the endoplasm but do no damage. The endoplasm freezes you.
You are frozen.
You die...

Action                   || total
-------------------------++-------
Melee: Club              ||    16
 Cast: Sting             ||     7
 Abil: Hop               ||     1
Armor: Robe              ||     5
Dodge: Dodged            ||     6
Block: Buckler           ||     4

Levels and vault maps discovered:
D:1:      matt_arrival_grand_opening, layout_rooms, serial_curves,
          eino_curves_04, eino_curves_03

Notes
Turn   | Place    | Note
-------+----------+-------------------------------------------
     0 | D:1      | MackTheKnife the Barachi Wanderer began the quest for the
                  | Orb.
     0 | D:1      | MackTheKnife set off with the following items: a +0 club
                  | {mace}, a potion of heal wounds {@q2}, a +0 robe, a +0
                  | buckler; and the following spells available to memorise:
                  | Sting, Freeze, Poisonous Vapours, Hailstorm, Olgreb's Toxic
                  | Radiance.
     0 | D:1      | Reached XP level 1. HP: 15/15 MP: 2/2
     0 | D:1      | magus.rc [v1.9.6]
     2 | D:1      | Learned a level 1 spell: Sting
   298 | D:1      | HP: 2/15 [frozen (5)]
   299 | D:1      | Frozen to death by an endoplasm

Vanquished Creatures
  A giant cockroach (D:1)
  A goblin (D:1)
  A hobgoblin (D:1)
  A bat (D:1)
  A frilled lizard (D:1)
5 creatures vanquished.

Table legend:
 A = Non-vault XP
 B = Vault XP
 C = Vault XP percentage of total XP
 D = Non-vault monster count
 E = Vault monster count
 F = Vault count percentage of total count
                 A         B        C        D         E       F
            +---------+---------+-------+---------+---------+-------
      Total |       8 |       0 |   0.0 |       5 |       0 |   0.0
            +---------+---------+-------+---------+---------+-------
        D:1 |       8 |       0 |   0.0 |       5 |       0 |   0.0
            +---------+---------+-------+---------+---------+-------

Illustrated notes

Table legend:
 A = Kills in this place as a percentage of kills in entire the game.
 B = Kills by you in this place as a percentage of kills by you in the entire game.
 C = Kills by friends in this place as a percentage of kills by friends in the entire game.
 D = Other kills in this place as a percentage of other kills in the entire game.
 E = Experience gained in this place as a percentage of experience gained in the entire game.
 F = Experience gained in this place divided by the number of levels of this place that you have seen.
                   A       B       C       D       E      F
               +-------+-------+-------+-------+-------+----------------------
         Total | 100.0 | 100.0 |   N/A |   N/A | 100.0 |   8.0
       Dungeon | 100.0 | 100.0 |   N/A |   N/A | 100.0 |   8.0
               +-------+-------+-------+-------+-------+----------------------

Table legend: (Time is in decaauts)
 A = Elapsed time spent in this place.
 B = Non-inter-level travel time spent in this place.
 C = Inter-level travel time spent in this place.
 D = Time resting spent in this place.
 E = Time spent auto-exploring this place.
 F = Levels seen in this place.
 G = Mean time per level.
                   A        B        C        D        E       F      G
               +--------+--------+--------+--------+--------+-----+--------+
         Total |    341 |    341 |      0 |      0 |    269 |   1 |  341.0 |
       Dungeon |    341 |    341 |      0 |      0 |    269 |   1 |  341.0 |
               +--------+--------+--------+--------+--------+-----+--------+

Top non-repeatable levels by time:
     D:1: 341 daAuts
